PA
WALLA WALLA WALLEYE @ PHOENIX HOTSPUR U-21
06/25/2032
 
TOP OF THE 1ST
Walla Walla Walleye batting - Pitching for Phoenix Hotspur U-21 : RHP Tim Yoder
Pitching: RHP Tim Yoder
Batting: RHB Dave Sosa 0-0: Foul Ball, location: 2F
0-1: Ball
1-1: Foul Ball, location: 2F
1-2: Strikes out swinging
Batting: RHB Augusto Manuel 0-0: Ground out 5-3 (Groundball, 5)
Batting: LHB Andrés Rodríguez 0-0: Foul Ball, location: 2F
0-1: Fly out, F7 (Flyball, 7S)
Top of the 1st over - 0 runs, 0 hits, 0 errors, 0 left on base; Walla Walla 0 - Phoenix 0
BOTTOM OF THE 1ST
Phoenix Hotspur U-21 batting - Pitching for Walla Walla Walleye : RHP Greg Fontenot
Pitching: RHP Greg Fontenot
Batting: LHB Phil Mazzeo 0-0: Ball
1-0: Called Strike
1-1: Ball
2-1: Called Strike
2-2: Ball
3-2: Foul Ball, location: 2F
3-2: Fly out, F8 (Flyball, 8LM)
Batting: RHB Greg Billingsley 0-0: Foul Ball, location: 2F
0-1: Fly out, F9 (Flyball, 9S)
Batting: RHB Martín Talia 0-0: Ball
1-0: Ball
2-0: Called Strike
2-1: Swinging Strike
2-2: Foul Ball, location: 2F
2-2: Ground out 5-3 (Groundball, 5S)
Bottom of the 1st over - 0 runs, 0 hits, 0 errors, 0 left on base; Walla Walla 0 - Phoenix 0
TOP OF THE 2ND
Walla Walla Walleye batting - Pitching for Phoenix Hotspur U-21 : RHP Tim Yoder
Batting: LHB José Román 0-0: Called Strike
0-1: Called Strike
0-2: Foul Ball, location: 2F
0-2: DOUBLE (Line Drive, 8RD)
Batting: RHB Igme Samson 0-0: Ball
1-0: Swinging Strike
1-1: Swinging Strike
1-2: Foul Ball, location: 2F
1-2: Strikes out swinging
Batting: LHB Mo Eayrs 0-0: Ball
1-0: Swinging Strike
1-1: SINGLE (Groundball, 4MD)
José Román to third
Runner from 3rd tries for Home, SAFE, no throw
Batting: RHB Raúl Maradona 0-0: Ball
1-0: Ball
2-0: Ground out 4-3 (Groundball, 4S)
Mo Eayrs to second
Batting: RHB Alejandro Blasco 0-0: Swinging Strike
0-1: Swinging Strike
0-2: Strikes out looking
Top of the 2nd over - 1 run, 2 hits, 0 errors, 1 left on base; Walla Walla 1 - Phoenix 0
BOTTOM OF THE 2ND
Phoenix Hotspur U-21 batting - Pitching for Walla Walla Walleye : RHP Greg Fontenot
Batting: RHB Terry MacDonald 0-0: Ball
1-0: Ball
2-0: Ball
3-0: Called Strike
3-1: Fly out, F8 (Flyball, 78S)
Batting: RHB Félix Sosa 0-0: Ball
1-0: Foul Ball, location: 2F
1-1: Fly out, F3 (Popup, 3SF)
Batting: LHB Carlos Rodríguez 0-0: Ball
1-0: Ground out U3 (Groundball, 3L)
Bottom of the 2nd over - 0 runs, 0 hits, 0 errors, 0 left on base; Walla Walla 1 - Phoenix 0
TOP OF THE 3RD
Walla Walla Walleye batting - Pitching for Phoenix Hotspur U-21 : RHP Tim Yoder
Batting: LHB Rurik Elhov 0-0: SINGLE (Groundball, 6MD)
Batting: RHB Dave Sosa 0-0: Ball
1-0: Ball
2-0: Foul Ball, location: 2F
2-1: Foul Ball, location: 2F
2-2: Strikes out swinging
Batting: RHB Augusto Manuel 0-0: Ball
1-0: Ball
Rurik Elhov is caught stealing 2nd base
2-0: Fly out, F7 (Line Drive, 7)
Top of the 3rd over - 0 runs, 1 hit, 0 errors, 0 left on base; Walla Walla 1 - Phoenix 0
BOTTOM OF THE 3RD
Phoenix Hotspur U-21 batting - Pitching for Walla Walla Walleye : RHP Greg Fontenot
Batting: LHB Malibok Herreria 0-0: Called Strike
0-1: Ball
1-1: Called Strike
1-2: Strikes out swinging
Batting: RHB Juan Vigil 0-0: Swinging Strike
0-1: Ball
1-1: Foul Ball, location: 2F
1-2: Strikes out swinging
Batting: RHB Jeff Oglethorpe 0-0: Called Strike
0-1: DOUBLE (Line Drive, 7LM)
Batting: LHB Phil Mazzeo 0-0: Called Strike
0-1: SINGLE (Groundball, 56D)
Jeff Oglethorpe to third
Runner from 3rd tries for Home, SAFE, no throw
Batting: RHB Greg Billingsley 0-0: Ball
1-0: Called Strike
1-1: Fielders Choice at 2nd, 5-4 (Groundball, 56)
Bottom of the 3rd over - 1 run, 2 hits, 0 errors, 1 left on base; Walla Walla 1 - Phoenix 1
TOP OF THE 4TH
Walla Walla Walleye batting - Pitching for Phoenix Hotspur U-21 : RHP Tim Yoder
Batting: LHB Andrés Rodríguez 0-0: Ball
1-0: Foul Ball, location: 2F
1-1: SINGLE (Flyball, 8LS)
Batting: LHB José Román 0-0: Ball
1-0: Called Strike
1-1: Called Strike
1-2: Strikes out swinging
Batting: RHB Igme Samson 0-0: Called Strike
0-1: SINGLE (Line Drive, 4MD)
Andrés Rodríguez to second
Batting: LHB Mo Eayrs 0-0: Called Strike
0-1: Ball
1-1: Ball
2-1: Fly out, F8 (Line Drive, 8LD)
Batting: RHB Raúl Maradona 0-0: Called Strike
0-1: Swinging Strike
0-2: Strikes out swinging
Top of the 4th over - 0 runs, 2 hits, 0 errors, 2 left on base; Walla Walla 1 - Phoenix 1
BOTTOM OF THE 4TH
Phoenix Hotspur U-21 batting - Pitching for Walla Walla Walleye : RHP Greg Fontenot
Batting: RHB Martín Talia 0-0: Fly out, F3 (Popup, 3F)
Batting: RHB Terry MacDonald 0-0: Ball
1-0: Ball
2-0: Called Strike
2-1: SINGLE (Line Drive, 34D)
Batting: RHB Félix Sosa 0-0: Called Strike
Terry MacDonald steals 2nd base
0-1: Ball
1-1: Ball
2-1: Foul Ball, location: 2F
2-2: Ball
3-2: SINGLE (Groundball, 34D)
Terry MacDonald to third
Runner from 3rd tries for Home, SAFE, no throw
Batting: LHB Carlos Rodríguez 0-0: Foul Ball, location: 2F
0-1: Foul Ball, location: 2F
0-2: Ball
1-2: Ball
2-2: Foul Ball, location: 2F
2-2: Ball
3-2: Base on Balls
Félix Sosa to second
Batting: LHB Malibok Herreria 0-0: Swinging Strike
0-1: Called Strike
0-2: Ball
1-2: Ball
2-2: Ball
3-2: Foul Ball, location: 2F
3-2: Foul Ball, location: 2F
3-2: Fly out, F7 (Flyball, 7)
Batting: RHB Juan Vigil 0-0: Called Strike
0-1: Ball
1-1: Foul Ball, location: 2F
1-2: Ball
2-2: Ball
3-2: Reached on error, E6 (Groundball, 6)
Félix Sosa to third
Carlos Rodríguez to second
Batting: RHB Jeff Oglethorpe 0-0: Called Strike
0-1: Ball
1-1: Fly out, F8 (Flyball, 89M)
Bottom of the 4th over - 1 run, 2 hits, 1 error, 3 left on base; Walla Walla 1 - Phoenix 2
TOP OF THE 5TH
Walla Walla Walleye batting - Pitching for Phoenix Hotspur U-21 : RHP Tim Yoder
Batting: RHB Alejandro Blasco 0-0: Called Strike
0-1: Ball
1-1: Ball
2-1: Ball
3-1: SINGLE (Line Drive, 4M)
Batting: LHB Rurik Elhov 0-0: Called Strike
0-1: SINGLE (Groundball, 34) (infield hit)
Alejandro Blasco to second
Batting: RHB Dave Sosa 0-0: Ball
Balk!
Alejandro Blasco to third
Rurik Elhov to second
1-0: Called Strike
1-1: Called Strike
1-2: Ball
2-2: Ball
3-2: Base on Balls
Batting: RHB Augusto Manuel 0-0: Called Strike
0-1: Ball
1-1: Foul Ball, location: 2F
1-2: Ball
2-2: Ball
3-2: Foul Ball, location: 2F
3-2: Base on Balls
Alejandro Blasco scores
Rurik Elhov to third
Dave Sosa to second
Batting: LHB Andrés Rodríguez 0-0: Called Strike
0-1: Ball
1-1: Called Strike
1-2: Ball
2-2: Grounds into fielders choice 4-2 (Groundball, 4)
Dave Sosa to third
Augusto Manuel to second
Batting: LHB José Román 0-0: SINGLE (Groundball, 34D)
Dave Sosa scores
Augusto Manuel to third
Andrés Rodríguez to second
Batting: RHB Igme Samson 0-0: Called Strike
0-1: Ball
1-1: Ball
2-1: Foul Ball, location: 2F
2-2: Ball
3-2: SINGLE (Line Drive, 3)
Augusto Manuel scores
Andrés Rodríguez to third
José Román to second
Batting: LHB Mo Eayrs 0-0: Grounds into fielders choice 6-2 (Groundball, 6S)
José Román to third
Igme Samson to second
Batting: RHB Raúl Maradona 0-0: Ball
1-0: Fly out, F9 (Flyball, 9)
Top of the 5th over - 3 runs, 4 hits, 0 errors, 3 left on base; Walla Walla 4 - Phoenix 2
BOTTOM OF THE 5TH
Phoenix Hotspur U-21 batting - Pitching for Walla Walla Walleye : RHP Greg Fontenot
Batting: LHB Phil Mazzeo 0-0: Ball
1-0: Foul Ball, location: 2F
1-1: Foul Ball, location: 2F
1-2: Ball
2-2: Ball
3-2: Foul Ball, location: 2F
3-2: Base on Balls
Batting: RHB Greg Billingsley 0-0: Called Strike
0-1: Ball
1-1: Ball
2-1: Bunt missed!
2-2: Ball
3-2: Ground out 6-3 (Groundball, 6)
Phil Mazzeo to second
Batting: RHB Martín Talia 0-0: Ball
1-0: Called Strike
1-1: Fly out, F8 (Flyball, 8RM)
Batting: RHB Terry MacDonald 0-0: Ball
1-0: Ground out 4-3 (Groundball, 34D)
Bottom of the 5th over - 0 runs, 0 hits, 0 errors, 1 left on base; Walla Walla 4 - Phoenix 2
TOP OF THE 6TH
Walla Walla Walleye batting - Pitching for Phoenix Hotspur U-21 : RHP Tim Yoder
Batting: RHB Alejandro Blasco 0-0: Ground out 6-3 (Groundball, 6)
Batting: LHB Rurik Elhov 0-0: Foul Ball, location: 2F
0-1: Foul Ball, location: 2F
0-2: Ball
1-2: Ball
2-2: Foul Ball, location: 2F
2-2: Fly out, F9 (Line Drive, 9)
Batting: RHB Dave Sosa 0-0: Swinging Strike
0-1: Ball
1-1: SINGLE (Line Drive, 78S)
Batting: RHB Augusto Manuel 0-0: Foul Ball, location: 2F
0-1: Foul Ball, location: 2F
0-2: Ball
1-2: Ball
2-2: Strikes out swinging
Top of the 6th over - 0 runs, 1 hit, 0 errors, 1 left on base; Walla Walla 4 - Phoenix 2
BOTTOM OF THE 6TH
Phoenix Hotspur U-21 batting - Pitching for Walla Walla Walleye : RHP Greg Fontenot
Batting: RHB Félix Sosa 0-0: Ball
1-0: Called Strike
1-1: Foul Ball, location: 2F
1-2: Foul Ball, location: 2F
1-2: SINGLE (Groundball, 56D)
Batting: LHB Carlos Rodríguez 0-0: Ball
1-0: Ball
2-0: Ground out 6-3 (Groundball, 6M)
Félix Sosa to second
Pitching: RHP Brian Clayton
Batting: LHB Malibok Herreria 0-0: Called Strike
0-1: Swinging Strike
0-2: Strikes out looking
Batting: RHB Juan Vigil 0-0: Ball
1-0: Swinging Strike
1-1: DOUBLE (Line Drive, 7LM)
Félix Sosa scores
Batting: RHB Jeff Oglethorpe 0-0: Ball
1-0: Ball
2-0: Ball
3-0: Base on Balls
Batting: LHB Phil Mazzeo 0-0: Ball
1-0: Ball
2-0: Ball
3-0: Called Strike
3-1: Swinging Strike
3-2: Ground out 6-3 (Groundball, 6)
Bottom of the 6th over - 1 run, 2 hits, 0 errors, 2 left on base; Walla Walla 4 - Phoenix 3
TOP OF THE 7TH
Walla Walla Walleye batting - Pitching for Phoenix Hotspur U-21 : RHP Tim Yoder
Batting: LHB Andrés Rodríguez 0-0: Called Strike
0-1: DOUBLE (Line Drive, 7LD)
Batting: LHB José Román 0-0: Intentional Walk
Batting: RHB Igme Samson 0-0: Ball
1-0: Foul Ball, location: 2F
1-1: Foul Ball, location: 2F
1-2: Ball
2-2: Strikes out looking
Batting: LHB Mo Eayrs 0-0: Swinging Strike
0-1: Ball
1-1: Ball
2-1: Called Strike
2-2: Foul Ball, location: 2F
2-2: Ball
3-2: Strikes out swinging
Pitching: RHP José Vásquez
Batting: RHB Raúl Maradona 0-0: SINGLE (Groundball, 6MD)
Andrés Rodríguez to third
José Román to second
Runner from 3rd tries for Home, SAFE, throw made home
Batting: RHB Alejandro Blasco 0-0: Ball
1-0: Ball
2-0: Ball
3-0: Called Strike
3-1: Foul Ball, location: 2F
3-2: Strikes out swinging
Top of the 7th over - 1 run, 2 hits, 0 errors, 2 left on base; Walla Walla 5 - Phoenix 3
BOTTOM OF THE 7TH
Phoenix Hotspur U-21 batting - Pitching for Walla Walla Walleye : RHP Brian Clayton
Batting: RHB Greg Billingsley 0-0: Ball
1-0: Called Strike
1-1: Foul Ball, location: 2F
1-2: Foul Ball, location: 2F
1-2: Foul Ball, location: 2F
1-2: Ground out 4-3 (Groundball, 4M)
Batting: RHB Martín Talia 0-0: Foul Ball, location: 2F
0-1: Ball
1-1: Swinging Strike
1-2: Ball
2-2: Ball
3-2: Ground out 5-3 (Groundball, 5)
Batting: RHB Terry MacDonald 0-0: Ball
1-0: Called Strike
1-1: Called Strike
1-2: Ball
2-2: Foul Ball, location: 2F
2-2: SINGLE (Groundball, 56S) (infield hit)
Batting: RHB Félix Sosa 0-0: Ball
1-0: Called Strike
1-1: Ball
Wild Pitch!
Terry MacDonald to second
2-1: Ball
3-1: Called Strike
3-2: Foul Ball, location: 2F
3-2: Foul Ball, location: 2F
3-2: Ground out 1-3 (Groundball, 15S)
Bottom of the 7th over - 0 runs, 1 hit, 0 errors, 1 left on base; Walla Walla 5 - Phoenix 3
TOP OF THE 8TH
Walla Walla Walleye batting - Pitching for Phoenix Hotspur U-21 : RHP José Vásquez
Batting: LHB Rurik Elhov 0-0: Foul Ball, location: 2F
0-1: Ball
1-1: Called Strike
1-2: Ball
2-2: Fly out, F8 (Flyball, 78M)
Batting: RHB Dave Sosa 0-0: Called Strike
0-1: Ball
1-1: Ball
2-1: Called Strike
2-2: Strikes out swinging, 2-3 out at first.
Batting: RHB Augusto Manuel 0-0: Called Strike
0-1: Ball
1-1: Foul Ball, location: 2F
1-2: Ground out U3 (Groundball, 34)
Top of the 8th over - 0 runs, 0 hits, 0 errors, 0 left on base; Walla Walla 5 - Phoenix 3
BOTTOM OF THE 8TH
Phoenix Hotspur U-21 batting - Pitching for Walla Walla Walleye : RHP Brian Clayton
Pitching: RHP Ainanani Oliwa
Batting: LHB Carlos Rodríguez 0-0: Ball
1-0: SOLO HOME RUN (Flyball, 9LD), Distance : 347 ft
Batting: LHB Malibok Herreria 0-0: Called Strike
0-1: Foul Ball, location: 2F
0-2: Foul Ball, location: 2F
0-2: Ground out 5-3 (Groundball, 5)
Batting: RHB Juan Vigil 0-0: SINGLE (Line Drive, 6D)
Batting: RHB Jeff Oglethorpe 0-0: Ball
1-0: Grounds into double play, 5-4-3 (Groundball, 56)
Bottom of the 8th over - 1 run, 2 hits, 0 errors, 0 left on base; Walla Walla 5 - Phoenix 4
TOP OF THE 9TH
Walla Walla Walleye batting - Pitching for Phoenix Hotspur U-21 : RHP José Vásquez
Batting: RHB Germán Gracía 0-0: Ground out 6-3 (Groundball, 6)
Batting: LHB José Román 0-0: Ball
1-0: Foul Ball, location: 2F
1-1: Foul Ball, location: 2F
1-2: Ball
2-2: Foul Ball, location: 2F
2-2: Fly out, F8 (Flyball, 8RS)
Batting: RHB Igme Samson 0-0: Called Strike
0-1: Ball
1-1: DOUBLE (Line Drive, 8LD)
Batting: LHB Mo Eayrs 0-0: Called Strike
0-1: Ball
1-1: Swinging Strike
1-2: Fly out, F4 (Line Drive, 4M)
Top of the 9th over - 0 runs, 1 hit, 0 errors, 1 left on base; Walla Walla 5 - Phoenix 4
BOTTOM OF THE 9TH
Phoenix Hotspur U-21 batting - Pitching for Walla Walla Walleye : RHP Ainanani Oliwa
Now at C: Gustavo Ortíz
Batting: LHB Phil Mazzeo 0-0: Called Strike
0-1: Foul Ball, location: 2F
0-2: Ball
1-2: Hit by Pitch
Batting: RHB Greg Billingsley 0-0: Bunted foul
0-1: Bunted foul
0-2: Ball
1-2: SINGLE (Line Drive, 4D)
Phil Mazzeo to second
Runner from 2nd tries for 3rd, SAFE, throw made to third
Batting: RHB Martín Talia 0-0: Ball
1-0: Called Strike
1-1: Ball
2-1: Called Strike
2-2: Strikes out swinging
Batting: RHB Terry MacDonald 0-0: Swinging Strike
0-1: Fly out, F9 (Line Drive, 9)
Runner from 3rd tags up, OUT at HOME
Bottom of the 9th over - 0 runs, 1 hit, 0 errors, 1 left on base; Walla Walla 5 - Phoenix 4
Wednesday, September 19th, 2018 - OOTP Baseball 18.8 Build 76